Map: Ulrena

Players

sKyHigh

  • Race: Terran Terran
  • League: Grandmaster

State - Winner!

  • Race: Protoss Protoss
  • League: Grandmaster

VOD

Have the link to the VOD?

Description

Time

  • Played on: Nov. 25, 2015, 12:30 a.m.
  • Length: 7:11
Show
View Real Time Build Order
Export as new Build Order

sKyHigh Terran 

Build Orders: Reaper Expand 

Get SALT Encoding   

  12  0:00  SCV  
  13  0:12  SCV  
  14  0:18  Supply Depot  
  14  0:25  SCV  
  15  0:40  SCV  
  15  0:42  Barracks  
  16  0:46  Refinery  
  16  0:52  SCV  
  18  1:04  SCV  
  18  1:16  SCV  
  19  1:29  Orbital Command  
  19  1:30  Reaper  
  20  1:44  Command Center  
  20  1:56  SCV  
  20  1:57  Bunker  
  21  2:02  Barracks Reactor  
  21  2:06  Supply Depot  
  21  2:08  SCV  
  22  2:20  SCV  
  23  2:26  Factory  
  23  2:33  SCV  
  24  2:39  Marine x2  
  24  2:40  Refinery  
  26  2:45  SCV  
  27  2:57  SCV, Orbital Command, Marine x2  
  29  3:09  Factory Tech Lab, SCV  
  30  3:15  Marine x2  
  32  3:21  SCV  
  32  3:23  SCV  
  34  3:28  Cyclone  
  34  3:32  Marine  
  34  3:33  Marine  
  39  3:35  SCV x2  
  39  3:39  Supply Depot  
  41  3:47  SCV x2  
  43  3:52  Marine x2  
  45  4:03  Cyclone  
  45  4:05  SCV  
  45  4:06  SCV  
  50  4:17  Supply Depot, Marine x2  
  50  4:18  SCV x2  
  54  4:35  Supply Depot  
  54  4:38  Command Center, SCV x2  
  54  4:41  Barracks  
  54  4:43  Barracks  
  54  4:45  Factory Tech Lab, Marine x2  
  56  4:50  SCV  
  56  4:51  SCV  
  60  4:54  Supply Depot  
  60  4:57  Engineering Bay  
  60  5:03  SCV x2  
  60  5:05  Marine x2  
  64  5:09  Refinery  
  64  5:11  Refinery  
  63  5:18  SCV x2  
  65  5:21  Command Center  
  65  5:23  Barracks  
  65  5:26  Barracks  
  64  5:35  SCV x2  
  55  5:43  Marine x4  
  53  5:57  SCV x2  
  53  6:02  Marine x4  
  58  6:05  Factory Reactor  
  58  6:10  SCV x2  
  60  6:11  Starport  
  60  6:12  Barracks Tech Lab  
  60  6:19  Barracks Reactor  
  60  6:22  SCV  
  60  6:23  SCV  
  60  6:25  Marine x2  
  66  6:26  Marauder x2  
  66  6:30  Marauder  
  70  6:34  SCV, Orbital Command  
  70  6:35  SCV  
  72  6:47  Marauder, Marine  
  72  6:48  Marine, Marauder  
  75  6:54  Factory Reactor  
Show
View Real Time Build Order
Export as new Build Order

State Protoss - Winner!

Build Orders: 1 Gate Expand 

Get SALT Encoding   

  12  0:00  Probe (Chrono Boost)  
  13  0:11  Probe (Chrono Boost)  
  14  0:18  Pylon  
  14  0:22  Probe (Chrono Boost)  
  15  0:36  Probe (Chrono Boost)  
  15  0:37  Gateway  
  16  0:43  Assimilator  
  16  0:47  Probe (Chrono Boost)  
  17  0:58  Probe (Chrono Boost)  
  18  1:08  Probe (Chrono Boost)  
  19  1:23  Nexus  
  19  1:29  Probe (Chrono Boost)  
  20  1:37  Cybernetics Core  
  20  1:40  Probe (Chrono Boost)  
  20  1:44  Assimilator  
  21  1:52  Pylon  
  21  1:55  Probe (Chrono Boost)  
  23  2:14  Adept  
  23  2:15  Mothership Core (Chrono Boost)  
  26  2:16  Warp Gate  
  26  2:33  Probe (Chrono Boost)  
  27  2:40  Probe (Chrono Boost)  
  27  2:41  Robotics Facility  
  27  2:43  Probe (Chrono Boost)  
  29  2:45  Adept  
  29  2:50  Probe (Chrono Boost)  
  32  2:54  Probe (Chrono Boost)  
  33  3:01  Probe (Chrono Boost)  
  33  3:05  Probe (Chrono Boost)  
  35  3:11  Probe (Chrono Boost)  
  36  3:15  Probe (Chrono Boost)  
  36  3:17  Adept  
  39  3:22  Probe (Chrono Boost)  
  39  3:23  Pylon  
  39  3:26  Probe (Chrono Boost)  
  41  3:32  Probe (Chrono Boost)  
  42  3:36  Immortal (Chrono Boost)  
  46  3:41  Twilight Council  
  46  3:44  Forge  
  46  3:48  Probe  
  47  3:49  Probe  
  48  4:00  Probe  
  48  4:01  Probe  
  48  4:07  Gateway  
  48  4:11  Immortal (Chrono Boost)  
  48  4:15  Pylon, Protoss Ground Armor Level 1  
  52  4:20  Pylon  
  52  4:26  Pylon  
  52  4:32  Pylon  
  52  4:36  Resonating Glaives (Chrono Boost)  
  52  4:41  Warp Prism (Chrono Boost)  
  52  4:45  Gateway  
  54  4:46  Probe x2  
  56  5:00  Gateway x2  
  56  5:02  Probe  
  56  5:03  Pylon, Assimilator  
  56  5:04  Probe  
  58  5:18  Probe  
  58  5:19  Probe  
  60  5:40  Adept x2  
  60  5:41  Probe x2  
  62  5:42  Adept  
  58  6:05  Gateway  
  58  6:06  Gateway  
  58  6:08  Gateway  
  58  6:09  Adept x2  
  58  6:10  Adept x3, Pylon  
  68  6:15  Warp Prism (Chrono Boost)  
  70  6:29  Adept  
  70  6:30  Adept x4  
  80  6:34  Nexus  
  80  6:42  Probe x2  
  80  6:44  Pylon  
  82  6:51  Adept x3  
  88  6:58  Adept x2  
Tags
 
Add a new tag
Caveats
  • Supply blocks, unpowered buildings, or Contaminate may cause inaccurate times.
  • Supply counts are checked every 10 seconds.